 Dungeon Crawl Stone Soup version 0.25-a0-699-g25a338df49 (webtiles) character file.

Game seed: 6721109017574916677, levelgen mode: deterministic

1984 DasRunzen the Conjurer (level 8, -7/68 HPs)
             Began as a Demigod Conjurer on Apr 2, 2020.
             Mangled by Prince Ribbit (9 damage)
             ... on level 6 of the Dungeon.
             The game lasted 00:14:16 (4706 turns).

DasRunzen the Conjurer (Demigod Conjurer)           Turns: 4706, Time: 00:14:16

Health: -7/68      AC:  8    Str: 11    XL:     8   Next: 69%
Magic:  1/19       EV: 16    Int: 23    God:
Gold:   263        SH:  0    Dex: 16    Spells: 11/17 levels left

rFire    . . .     SeeInvis .   m - +3 trident (freeze)
rCold    + . .     Gourm    .   (no shield)
rNeg     . . .     Faith    .   a - +2 robe
rPois    .         Spirit   .   o - +0 helmet
rElec    .         Reflect  .   (no cloak)
rCorr    +         Harm     .   (no gloves)
MR       .....                  k - +2 pair of boots
Stlth    ++........             (no amulet)
HPRegen  0.21/turn              i - ring of protection from cold
MPRegen  0.16/turn              v - ring of resist corrosion

@: brilliant, lethally poisoned (-7 -> -8), very slightly contaminated
A: high mp 1
a: no special abilities


You were on level 6 of the Dungeon.
You were not hungry.

You visited 1 branch of the dungeon, and saw 7 of its levels.

You collected 263 gold pieces.

Inventory:

Hand Weapons
 m - a +3 trident of freezing (weapon)
Armour
 a - a +2 robe (worn)
 k - a +2 pair of boots (worn)
 o - a +0 helmet (worn)
Jewellery
 b - an uncursed ring of fire
 i - a ring of protection from cold (left hand)
 v - a ring of resist corrosion (right hand)
Wands
 f - a wand of iceblast (9)
Scrolls
 d - a scroll of remove curse
 e - a scroll of enchant armour
 r - a scroll of random uselessness
 s - 2 scrolls of fog
Potions
 g - a potion of flight
 h - 3 potions of curing
 j - a potion of magic
 l - a potion of lignification
 n - a potion of stabbing
 p - a potion of haste
 t - a potion of cancellation
Comestibles
 c - 11 rations
 w - a chunk of flesh


   Skills:
 + Level 5.1 Fighting
 + Level 5.6 Dodging
 - Level 1.7 Stealth
 + Level 5.2 Spellcasting
 + Level 6.5 Conjurations


You had 11 spell levels left.
You knew the following spells:

 Your Spells              Type           Power        Failure   Level  Hunger
a - Magic Dart            Conj           ####         1%          1    None
b - Searing Ray           Conj           ######       1%          2    None
c - Dazzling Flash        Conj/Hex       ####..       8%          3    None

Your spell library contained the following spells:

 Spells                   Type           Power        Failure   Level  Hunger
 Fulminant Prism          Conj/Hex       ####......   24%         4    None
 Iskenderun's Mystic Bla  Conj/Tloc      ####....     24%         4    None


Dungeon Overview and Level Annotations

Branches:
Dungeon (7/15)
 Temple: D:4-7

Shops:
D:4 (

Annotations:
D:6 Prince Ribbit


Innate Abilities, Weirdness & Mutations

You have an increased reservoir of magic. (+10% MP)


Message History

a +0 whip; a cursed +0 ring mail; a scroll of identify You miss the adder.
The adder bites you.
* * * LOW HITPOINT WARNING * * *
You are poisoned.
The adder poisons you! Prince Ribbit hits you.
* * * LOW HITPOINT WARNING * * *
The adder barely misses you.
Prince Ribbit sighs, "It's not easy being green!"
Prince Ribbit barely misses you.
It was a potion of brilliance.
You feel clever all of a sudden.
You hear the slow rusting of a very distant drain.
* * * LOW HITPOINT WARNING * * *
You feel sick. The adder bites you but does no damage.
Prince Ribbit completely misses you.
Okay, then.
You closely miss the adder. The adder bites you but does no damage.
Prince Ribbit closely misses you. The adder bites you but does no damage.
Prince Ribbit hits you!
You die...

#..(...ยง.... ...........
#..............................
#((...........>.....##.........
#.(............................
###(..................#.#........
#.(.........(........##.##.##....
.....###............###....##S#..
.....#....###..###.......##...#..
.....#.# ####..S@F...# #..#.#o###
(......####....#####.## #.#F#.#
#........#.(#### #..###...#.#
##.......#.## ##..##..##.#
)..........# ##..S.)...#
...)...[..## ###...#>###
..........# #.......# ##<......##
#.......# #........# #......##


You could see Prince Ribbit and an adder.

Vanquished Creatures
  Pikel (D:5)
  Grinder (D:4)
  A wyvern (D:5)
  Menkaure (D:6)
  2 ice beasts
  A slave (D:5)
  An orc warrior (D:6)
  2 centaurs
  3 scorpions
  2 hounds (D:5)
  3 orc wizards
  A jelly (D:5)
  2 iguanas (D:6)
  Natasha (D:4)
  A worker ant (D:4)
  A worker ant zombie (D:5)
  Robin (D:4)
  3 gnolls (D:3)
  7 adders
  An ooze (D:1)
  5 worms
  6 dart slugs
  10 orcs
  6 giant cockroaches
  13 goblins
  7 hobgoblins
  2 jackals (D:2)
  9 kobolds
  4 quokkas
  3 ball pythons
  8 bats
  4 frilled lizards
  11 rats
124 creatures vanquished.

Notes
Turn   | Place    | Note
-------+----------+-------------------------------------------
     0 | D:1      | DasRunzen the Demigod Conjurer began the quest for the Orb.
     0 | D:1      | Reached XP level 1. HP: 14/14 MP: 5/5
   236 | D:1      | Reached XP level 2. HP: 17/22 MP: 0/7
   459 | D:1      | Reached skill level 1 in Fighting
  1076 | D:2      | Learned a level 2 spell: Searing Ray
  1130 | D:2      | Reached XP level 3. HP: 28/28 MP: 6/8
  1169 | D:2      | Found an ancient bone altar of Kikubaaqudgha,
  1175 | D:2      | Reached skill level 4 in Conjurations
  1467 | D:2      | Found a radiant altar of Vehumet,
  1535 | D:2      | Reached XP level 4. HP: 32/35 MP: 0/10
  3025 | D:4      | Reached XP level 5. HP: 41/41 MP: 6/12
  3225 | D:4      | Noticed Grinder
  3226 | D:4      | Noticed Robin
  3244 | D:4      | Killed Robin
  3303 | D:4      | Paralysed by Grinder for 7 turns
  3311 | D:4      | Killed Grinder
  3311 | D:4      | Reached XP level 6. HP: 19/50 MP: 1/14
  3543 | D:4      | Found Tomneen's Antique Weapon Shop,
  3735 | D:4      | Noticed Natasha
  3739 | D:4      | Killed Natasha
  3965 | D:5      | Entered Level 5 of the Dungeon
  3974 | D:5      | Reached skill level 5 in Conjurations
  4008 | D:5      | Reached XP level 7. HP: 57/57 MP: 11/15
  4234 | D:5      | Learned a level 3 spell: Dazzling Flash
  4288 | D:5      | Noticed Pikel
  4316 | D:5      | Killed Pikel
  4316 | D:5      | Reached XP level 8. HP: 50/67 MP: 4/18
  4335 | D:5      | Reached skill level 5 in Dodging
  4335 | D:5      | Reached skill level 6 in Conjurations
  4474 | D:5      | You fall into a shaft and drop 2 floors!
  4566 | D:6      | Reached skill level 5 in Spellcasting
  4580 | D:6      | Found a shimmering blue altar of Sif Muna,
  4594 | D:6      | Noticed Menkaure
  4599 | D:6      | Killed Menkaure
  4599 | D:6      | Reached skill level 5 in Fighting
  4657 | D:6      | Noticed Prince Ribbit
  4704 | D:6      | HP: 3/68 [Prince Ribbit (1)]
  4706 | D:6      | Mangled by Prince Ribbit

Levels and vault maps discovered:
D:1:      shiori_shiawase, layout_basic
D:2:      layout_basic, vehumet_crystals, nicolae_overflow_crystal_walls
D:3:      layout_basic, first_ration
D:4:      layout_basic, serial_shops, shop, uniq_grinder, uniq_robin,
          uniq_natasha
D:5:      layout_loops_ring, lemuel_round_altar, nicolae_overflow_hidden_temple,
          minmay_misc_feat_enclosed, uniq_pikel, uniq_crazy_yiuf_cottage
D:6:      layout_rooms, elyvilon_altar_1, lemuel_blue_sif_altar,
          lightli_sewer_entry_pipes, uniq_prince_ribbit1, uniq_menkaure
D:7:      minmay_opposing_rooms, layout_basic,
          grunt_temple_overflow_order_and_chaos_2,
          minmay_temple_entry_sparse_star, the_bakery,
          small_statue_intersection, uniq_maggie

Skill      XL: |  1  2  3  4  5  6  7  8 |
---------------+-------------------------+-----
Dodging        | 2 3 4 5 |  5.6
Spellcasting   | 2 3 4 5 |  5.2
Fighting       | 1 2 3 4 5 |  5.1
Conjurations   | 4 5 6 |  6.5
Stealth        | |  1.7

Action                   |  1- 3 |  4- 6 |  7- 9 || total
-------------------------+-------+-------+-------++-------
Melee: Unarmed           |    18 |       |       ||    18
       Spear             |    29 |    76 |       ||   105
       Trident           |       |    33 |    66 ||    99
 Cast: Magic Dart        |    69 |    40 |    12 ||   121
       Searing Ray       |     6 |    10 |    14 ||    30
Evoke: Wand              |       |       |     1 ||     1
  Use: Scroll            |     6 |    12 |     5 ||    23
       Potion            |       |     1 |     1 ||     2
 Stab: Sleeping          |     1 |     4 |     2 ||     7
  Eat: Chunk             |     3 |     7 |     3 ||    13
Armor: Robe              |     8 |    28 |    30 ||    66
Dodge: Dodged            |    38 |    63 |    87 ||   188

Table legend:
 A = Non-vault XP
 B = Vault XP
 C = Vault XP percentage of total XP
 D = Non-vault monster count
 E = Vault monster count
 F = Vault count percentage of total count
                 A         B        C        D         E       F
            +---------+---------+-------+---------+---------+-------
      Total |    1717 |    1118 |  39.4 |     108 |      15 |  12.2
            +---------+---------+-------+---------+---------+-------
        D:1 |      46 |       0 |   0.0 |      21 |       0 |   0.0
        D:2 |      94 |       0 |   0.0 |      29 |       0 |   0.0
        D:3 |      90 |       0 |   0.0 |      24 |       0 |   0.0
        D:4 |     179 |     320 |  64.1 |       6 |      13 |  68.4
        D:5 |     749 |     629 |  45.6 |      16 |       1 |   5.9
        D:6 |     426 |     169 |  28.4 |      11 |       1 |   8.3
        D:7 |     133 |       0 |   0.0 |       1 |       0 |   0.0
            +---------+---------+-------+---------+---------+-------
